 Dungeon Crawl Stone Soup version 0.18-a0-916-gc496e2e (webtiles) character file.

545 Proton the Skirmisher (level 7, -3/66 HPs)
             Began as a Naga Fighter on Dec 26, 2015.
             Slain by an iron imp (6 damage)
             ... summoned by Eustachio
             ... on level 5 of the Dungeon.
             The game lasted 00:09:31 (3679 turns).

Proton the Skirmisher (Naga Fighter)                Turns: 3679, Time: 00:09:31

Health: -3/66      AC:  5    Str: 21    XL:     7   Next: 27%
Magic:  7/7        EV:  8    Int:  8    God:
Gold:   213        SH:  9    Dex: 10    Spells: 0 memorised, 6 levels left

rFire  . . .     SeeInvis +     a - +0 trident
rCold  . . .     Gourm    .     s - +2 robe
rNeg   . . .     Faith    .     c - +0 shield
rPois  +         Spirit   .     (no helmet)
rElec  .         Dismiss  .     (no cloak)
rCorr  .         Reflect  .     (no gloves)
SustAt .         Harm     .     (no barding)
MR     .....                    (no amulet)
Stlth  +.........               (no ring)
                                (no ring)

@: short of breath, very slow, not resistant to hostile enchantments, very
unstealthy
A: see invisible, deformed body, poison resistance, slowness 2, slow metabolism
1, spit poison 2, AC +2
a: Spit Poison


You were on level 5 of the Dungeon.
You were not hungry.

You visited 1 branch of the dungeon, and saw 5 of its levels.

You collected 213 gold pieces.

Inventory:

Hand Weapons
 a - a +0 trident (weapon)
Armour
 c - a +0 shield (worn)
 p - a +0 plate armour
 s - a +2 robe (worn)
Wands
 n - a wand of digging (9/24)
 y - a wand of cold (9/15)
Scrolls
 g - 3 scrolls of identify {unknown}
 j - 2 scrolls of magic mapping {unknown}
 k - 2 scrolls of recharging {unknown}
 m - a scroll of amnesia {unknown}
 o - 2 scrolls of remove curse {unknown}
 r - a scroll of fog {unknown}
 t - a scroll of noise {unknown}
 v - a scroll of enchant weapon {unknown}
 w - a scroll of immolation {unknown}
 x - a scroll of teleportation {unknown}
 A - a scroll of fear {unknown}
Potions
 d - 2 potions of might
 e - 5 potions of curing {unknown}
 h - a potion of cancellation {unknown}
 i - a potion of heal wounds {unknown}
 l - a potion of resistance {unknown}
 q - a potion of lignification {unknown}
 u - a potion of mutation {unknown}
 z - a potion of brilliance {unknown}
Comestibles
 b - 2 fruits
 f - 3 bread rations


   Skills:
 + Level 4.4 Fighting
 + Level 3.8 Polearms
 + Level 3.5 Armour
 + Level 2.5 Dodging
 + Level 3.8 Shields


You had 6 spell levels left.
You didn't know any spells.

Dungeon Overview and Level Annotations

Branches:
Dungeon (5/15)
 Temple: D:4-7

Altars:
Ashenzari
Dithmenos
Trog

Shops:
D:5 :

Annotations:
D:4 Morbidden's ghost, amateur DsFi
D:5 Eustachio


Innate Abilities, Weirdness & Mutations

You cannot wear boots.
Your serpentine skin is tough (AC +2).
You have supernaturally acute eyesight.
Armour fits poorly on your strangely shaped body.
Your system is resistant to poisons.
You cover ground very slowly.
You have a slow metabolism.
You can spit poison.


Message History

You puncture Eustachio!
Eustachio is almost dead.
You have got your breath back.
The ufetubus disappears in a puff of smoke!
You block Eustachio's attack. The iron imp hits you.
* * * LOW HITPOINT WARNING * * *
Press: ? - help, Shift-Dir - straight line, f/p - Eustachio
Aim: Eustachio, wielding a rapier and wearing a leather armour (almost dead, poisoned)
The splash of poison hits Eustachio.
Eustachio looks even sicker.
Eustachio is almost dead.
You feel slightly more hungry. You block the quokka's attack.
Eustachio hits you but does no damage. The iron imp hits you!
* * * LOW HITPOINT WARNING * * *
You block the quokka's attack.
You barely miss Eustachio.
Eustachio is almost dead.
Eustachio hits you with a rapier.
* * * LOW HITPOINT WARNING * * *
The iron imp hits you.
You die...

......####....
..............
.............
###.........
#########.........
#.................
########.....∩...........
$......#.................
.....5.#@@.5.....###.....
.[.....r5..............##
.......###.#########.#.##
....... #.# ##+#...
....... #.# #....#.
.....[. .# #....'.
####### #....#. #....#.
#....##


You could see Eustachio, an iron imp, a crimson imp and a quokka.

Vanquished Creatures
  Sigmund (D:2)
  2 hounds
  A worker ant (D:4)
  Jessica (D:2)
  Ijyb (D:1)
  A hound skeleton (D:4)
  12 adders
  4 gnolls
  2 oozes (D:2)
  3 worms
  2 giant geckos (D:3)
  An orc (D:3)
  3 giant cockroaches
  12 goblins
  5 hobgoblins
  6 kobolds
  A quokka (D:3)
  A ball python (D:3)
  14 bats
  A giant gecko skeleton (D:4)
  3 giant newts
  16 jackals
  8 rats
101 creatures vanquished.

Notes
Turn   | Place    | Note
--------------------------------------------------------------
     0 | D:1      | Proton the Naga Fighter began the quest for the Orb.
     0 | D:1      | Reached XP level 1. HP: 21/21 MP: 1/1
   209 | D:1      | Reached XP level 2. HP: 28/28 MP: 2/2
   666 | D:1      | Reached XP level 3. HP: 29/34 MP: 3/3
   671 | D:2      | Reached skill level 1 in Dodging
   697 | D:2      | Noticed Ijyb
   748 | D:1      | Killed Ijyb
   939 | D:2      | Reached XP level 4. HP: 40/42 MP: 4/4
   973 | D:2      | Noticed Jessica
   985 | D:2      | Killed Jessica
  1142 | D:2      | Reached XP level 5. HP: 40/49 MP: 5/5
  1220 | D:2      | Noticed Sigmund
  1374 | D:2      | Found a shadowy altar of Dithmenos.
  1580 | D:2      | Killed Sigmund
  1580 | D:2      | Reached XP level 6. HP: 39/57 MP: 6/6
  1721 | D:2      | Reached skill level 4 in Fighting
  1921 | D:3      | Found a shattered altar of Ashenzari.
  2837 | D:4      | Reached XP level 7. HP: 44/64 MP: 7/7
  3185 | D:4      | Found a shattered altar of Ashenzari.
  3358 | D:4      | Noticed Morbidden's ghost (amateur DsFi)
  3377 | D:5      | Entered Level 5 of the Dungeon
  3624 | D:5      | Found a bloodstained altar of Trog.
  3641 | D:5      | Found Owna's Book Shoppe.
  3659 | D:5      | Noticed Eustachio
  3679 | D:5      | HP: 3/66 [Eustachio/rapier (4)]
  3679 | D:5      | Slain by an iron imp

Vault maps used:
D:1:      minmay_arrival_four_circles, glass_columns_a,
          grunt_decor_mini_mirrors, corexii_hall_statues_i
D:2:      lemuel_crystal_altar, uniq_sigmund, uniq_jessica, uniq_iyjb
D:3:      evilmike_ruin_ashenzari
D:4:      marbit_many_paths, lemuel_coloured_pillars_altar
D:5:      nicolae_overflow_hidden_temple, old_standard_altar, serial_shops,
          shop, first_bread, uniq_eustachio

Action                   |  1- 3 |  4- 6 |  7- 9 || total
-------------------------+-------+-------+-------++-------
Melee: Trident           |    78 |   281 |    84 ||   443
 Abil: Spit Poison       |     6 |    14 |     9 ||    29
  Eat: Chunk             |       |     5 |       ||     5
       Meat ration       |       |     1 |       ||     1
